 Dungeon Crawl Stone Soup version 0.27.1 (webtiles) character file.

Game seed: 5858796798111805202

33 H0rd4k the Caller (level 3, 0/24 HPs)
             Began as a Barachi Summoner on Aug 26, 2021.
             Slain by an orc (6 damage)
             ... on level 2 of the Dungeon.
             The game lasted 00:03:28 (2385 turns).

H0rd4k the Caller (Barachi Summoner)                Turns: 2385, Time: 00:03:28

Health: 0/24       AC:  2    Str:  9    XL:     3   Next: 29%
Magic:  0/7        EV: 12    Int: 16    God:
Gold:   40         SH:  0    Dex: 12    Spells: 3/7 levels left

rFire    . . .     SeeInvis .   (no weapon)
rCold    . . .     Faith    .   (no shield)
rNeg     . . .     Spirit   +   a - +0 robe
rPois    .         Reflect  .   (no helmet)
rElec    .         Harm     .   (no cloak)
rCorr    .         Rampage  .   (no gloves)
Will     .....                  (no boots)
Stlth    ++........             g - amulet of guardian spirit
HPRegen  0.08/turn              (no ring)
MPRegen  0.10/turn              (no ring)

@: slow
A: amphibious, slowness 1, strong legs 1, +LOS
a: Hop


You were on level 2 of the Dungeon.
You visited 1 branch of the dungeon, and saw 2 of its levels.

You collected 40 gold pieces.

Inventory:

Armour
 a - a +0 robe (worn)
Jewellery
 c - an amulet of the acrobat
 g - an amulet of guardian spirit (around neck)
Scrolls
 b - a scroll of identify {unknown}
 d - a scroll of teleportation {unknown}
 f - a scroll of noise {unknown}
Potions
 e - 2 potions of curing {unknown}


   Skills:
 + Level 2.2 Dodging
 - Level 1.7 Stealth
 * Level 2.8 Spellcasting
 * Level 5.6 Summonings


You had 3 spell levels left.
You knew the following spells:

 Your Spells              Type           Power      Damage    Failure   Level
a - Summon Small Mammal   Summ           80%        N/A       1%          1
b - Call Canine Familiar  Summ           20%        N/A       5%          3

Your spell library contained the following spells:

 Spells                   Type           Power      Damage    Failure   Level
 Call Imp                 Summ           20%        N/A       2%          2
 Magic Dart               Conj           8%         1d3       19%         1
 Summon Guardian Golem    Hex/Summ       11%        N/A       19%         3
 Mephitic Cloud           Conj/Pois/Air  2%         N/A       50%         3
 Summon Lightning Spire   Summ/Air       11%        N/A       52%         4


Dungeon Overview and Level Annotations

Branches:
Dungeon (2/15)

Altars:


Innate Abilities, Weirdness & Mutations

You are amphibious.
You cover ground slowly.
You can hop short distances.
You have an extended range of vision and can be seen from far away.


Message History

Your quokka bites the orc.
Your bat barely misses the orc.
The orc hits your bat with a +0 hand axe.
Your bat dies!
Your bat's corpse disappears in a puff of smoke!
The orc closely misses your quokka.
Casting: Summon Small Mammal (safe; 1% risk of failure)
Confirm with . or Enter, or press ? or * to list all spells.
Your quokka bites the orc but does no damage.
Your quokka barely misses the orc.
The orc hits your quokka with a +0 hand axe.
The orc hits something with a +0 hand axe.
Your quokka bites the orc but does no damage.
What are your orders? t - Croak!
Orders for allies: a - Attack new target. r - Retreat! s - Stop attacking. g - Guard the area. f - Follow me.
Anything else - Cancel.
Guard this area!
The orc hits your quokka with a +0 hand axe.
Your quokka closely misses the orc.
The orc closely misses your quokka.
Your quokka bites the orc but does no damage.
Your quokka bites the orc but does no damage.
The orc barely misses your quokka.
Your quokka bites the orc but does no damage.
Casting: Summon Small Mammal (safe; 1% risk of failure)
Confirm with . or Enter, or press ? or * to list all spells.
Your bat closely misses the orc.
Your bat closely misses the orc.
Your bat hits the orc but does no damage.
You open the door. Your bat misses the orc.
The orc hits you with a +0 hand axe.
* * * LOW HITPOINT WARNING * * *
Found 15 gold pieces.
Casting: Summon Small Mammal (safe; 1% risk of failure)
Confirm with . or Enter, or press ? or * to list all spells.
Your quokka bites the orc but does no damage.
The orc hits you with a +0 hand axe.
You die...

#.. ######## #.####
#ro.r..# #.##.##
#.####r###.#...## #
##.##
#..........#.####
#...#
#####.#..........
#...# #..brr...#
###..b#### ####o#####
.........# #@#
.......<.# #'#
.........# ...
###...#### .....
........# .......
.##.....####.........
#........+........$+
#.#...####.........#
#......# ##.......##


You could see an orc (ally target), a friendly quokka (summoned), a friendly bat
(summoned) and a friendly rat (summoned).

Vanquished Creatures (collateral kills)
  3 dart slugs (D:1)
  4 orcs (D:2)
  2 bats (D:1)
  4 endoplasms (D:1)
  A giant cockroach (D:1)
  4 goblins (D:1)
  3 hobgoblins (D:1)
  2 kobolds (D:1)
  3 quokkas (D:1)
  7 ball pythons (D:1)
  5 frilled lizards (D:1)
  3 rats (D:1)
41 creatures vanquished.

Notes
Turn   | Place    | Note
-------+----------+-------------------------------------------
     0 | D:1      | H0rd4k the Barachi Summoner began the quest for the Orb.
     0 | D:1      | Reached XP level 1. HP: 13/13 MP: 3/3
   195 | D:1      | Reached skill level 5 in Summonings
   797 | D:1      | Reached XP level 2. HP: 19/19 MP: 1/5
  1700 | D:1      | Reached XP level 3. HP: 24/24 MP: 1/7
  1704 | D:1      | Learned a level 3 spell: Call Canine Familiar
  2385 | D:2      | Slain by an orc

Illustrated notes

Levels and vault maps discovered:
D:1:      amcnicky_arrival_flooded_fountain, layout_loops_corners,
          minmay_surrounded
D:2:      layout_loops_corners, hellmonk_ecumenical_altar_defaced_shrine,
          st_stairs_8, kennysheep_donut

Skill      XL: |  1 |
---------------+----+-----
Summonings     | 5 |  5.6
Dodging        | |  2.2
Stealth        | |  1.7
Spellcasting   | |  2.8

Action                   || total
-------------------------++-------
Melee: Unarmed           ||     6
 Cast: Summon Small Mamm ||   116
 Abil: Hop               ||     1
Armor: Robe              ||     8
Dodge: Dodged            ||    50
